 Dungeon Crawl Stone Soup version 0.29-a0-330-g52719c12eb (webtiles) character file.

Game seed: 8383006438048301941

77 truemonolith the Magician (level 4, -4/24 HPs)
             Began as a Deep Elf Conjurer on May 28, 2022.
             Slain by Grinder (9 damage)
             ... while paralysed by Grinder
             ... on level 3 of the Dungeon.
             The game lasted 00:02:59 (2827 turns).

truemonolith the Magician (Deep Elf Conjurer)       Turns: 2827, Time: 00:02:59

Health: -4/24      AC:  2    Str:  4    XL:     4   Next: 13%
Magic:  22/23      EV:  2    Int: 25    God:
Gold:   122        SH:  0    Dex: 13    Spells: 14/15 levels left

rFire   . . .      SeeInvis .   (no weapon)
rCold   . . .      Faith    .   (no shield)
rNeg    . . .      Spirit   .   a - +0 robe
rPois   .          Reflect  .   (no helmet)
rElec   .          Harm     .   (no cloak)
rCorr   .          Rampage  .   (no gloves)
Will    .....                   (no boots)
Stlth   ++........              (no amulet)
HPRegen 0.08/turn               o - ring of magical power
MPRegen 0.18/turn               (no ring)

@: paralysed
A: no striking features
a: no special abilities


You were on level 3 of the Dungeon.
You visited 1 branch of the dungeon, and saw 3 of its levels.

You collected 122 gold pieces.

Inventory:

Armour
 a - a +0 robe (worn)
Jewellery
 l - a ring of protection from fire
 m - a ring of protection from fire
 o - a ring of magical power (left hand)
Scrolls
 d - a scroll of teleportation {unknown}
 e - 6 scrolls of identify {unknown}
 h - a scroll of noise {unknown}
 i - a scroll of immolation {unknown}
 k - a scroll of fog {unknown}
 n - a scroll of fear {unknown}
 p - a scroll of blinking {unknown}
Potions
 b - a potion of magic
 c - 2 potions of mutation {unknown}
 f - a potion of heal wounds {unknown}
 g - a potion of attraction {unknown}
 j - 2 potions of flight {unknown}


   Skills:
 - Level 2.4 Dodging
 - Level 2.4 Stealth
 + Level 6.1 Spellcasting
 - Level 4.3 Conjurations


You had 14 spell levels left.
You knew the following spells:

 Your Spells              Type           Power      Damage    Failure   Level
a - Magic Dart            Conj           100%       1d8       1%          1

Your spell library contained the following spells:

 Spells                   Type           Power      Damage    Failure   Level
 Searing Ray              Conj           58%        2d6       1%          2
 Dazzling Flash           Conj/Hex       36%        N/A       9%          3
 Scorch                   Fire           14%        2d6       11%         2
 Flame Wave               Conj/Fire      18%        2d6       30%         4
 Fulminant Prism          Conj/Hex       9%         3d7       30%         4
 Iskenderun's Mystic Bla  Conj/Tloc      18%        2d6       30%         4
 Summon Cactus Giant      Summ           3%         N/A       100%        6


Dungeon Overview and Level Annotations

Branches:
Dungeon (3/15)

Altars:

Annotations:
D:3 3 runed translucent doors, Grinder; sanka's ghost, amateur GnWn; zkyp's ghost, weakling DgDe


Message History

You can't see any susceptible monsters within range! (Use Z to cast anyway.)
Casting: Magic Dart (safe; 1% risk of failure)
Confirm with . or Enter, or press ? or * to list all spells.
You can't see any susceptible monsters within range! (Use Z to cast anyway.)
Casting: Magic Dart (safe; 1% risk of failure)
Confirm with . or Enter, or press ? or * to list all spells.
You can't see any susceptible monsters within range! (Use Z to cast anyway.)
You now have 91 gold pieces (gained 6).
You start resting.
Magic restored.
Found a runed translucent gate.
Found a ring mail.
Found a stone staircase leading up.
You now have 108 gold pieces (gained 17).
You now have 122 gold pieces (gained 14).
Grinder comes into view.
Grinder is nearby!
Grinder shouts!
You hear an angry hiss.
Grinder gestures at you. Pain shoots through your body!
Casting: Magic Dart (safe; 1% risk of failure)
Confirm with . or Enter, or press ? or * to list all spells.
Aiming: Magic Dart (safe; 1% risk of failure)
Press: ? - help, Shift-Dir - straight line, f - Grinder
Aim: Grinder (100% to hit)
The magic dart hits Grinder.
Grinder is lightly wounded.
A frilled lizard comes into view.
Casting: Magic Dart (safe; 1% risk of failure)
Confirm with . or Enter, or press ? or * to list all spells.
Aiming: Magic Dart (safe; 1% risk of failure)
Press: ? - help, Shift-Dir - straight line, f/p - Grinder
Aim: Grinder (lightly wounded, 100% to hit)
The magic dart hits Grinder but does no damage.
Grinder is lightly wounded.
Grinder gestures at you.
You suddenly lose the ability to move!
Grinder hits you!
You writhe in agony.
* * * LOW HITPOINT WARNING * * *
Grinder hits you!
You die...

...........#
...........#
...........#
...........####
..............#
.....l........#
#..5...<..$# #
#@......# ####
#.##.......### ##...
#............####....
####...........#.....
#.......#...#[....
#.......##........
#........#........
#####.##.#........
#.# ####+++###


You could see Grinder and a frilled lizard.

Vanquished Creatures
  3 adders (D:2)
  A worm (D:2)
  2 dart slugs (D:1)
  4 ball pythons
  A bat (D:1)
  5 endoplasms
  7 hobgoblins
  5 jackals (D:1)
  3 quokkas
  A frilled lizard (D:2)
  4 goblins
36 creatures vanquished.

Notes
Turn   | Place    | Note
-------+----------+-------------------------------------------
     0 | D:1      | truemonolith the Deep Elf Conjurer began the quest for the
                  | Orb.
     0 | D:1      | Reached XP level 1. HP: 10/10 MP: 6/6
   297 | D:1      | Reached skill level 4 in Spellcasting
   297 | D:1      | Reached XP level 2. HP: 11/15 MP: 0/9
  1043 | D:1      | Reached XP level 3. HP: 9/19 MP: 1/11
  1356 | D:1      | Found a faded altar of an unknown god.
  1430 | D:1      | Reached skill level 5 in Spellcasting
  2341 | D:2      | Reached skill level 6 in Spellcasting
  2341 | D:2      | Reached XP level 4. HP: 24/24 MP: 14/14
  2792 | D:3      | Found a runed translucent gate.
  2793 | D:3      | Found a runed translucent gate.
  2794 | D:3      | Found a runed translucent gate.
  2800 | D:3      | Noticed zkyp's ghost (weakling DgDe)
  2800 | D:3      | Noticed sanka's ghost (amateur GnWn)
  2819 | D:3      | Noticed Grinder
  2822 | D:3      | Paralysed by Grinder for 6 turns
  2827 | D:3      | Slain by Grinder

Illustrated notes

Levels and vault maps discovered:
D:1:      doesnt_arrival_eight_statues, layout_loops_ring,
          shapermc_ecumenical_altar_hornbeckon, minmay_misc_feat_enclosed
D:2:      layout_basic, small_statue_intersection
D:3:      layout_rooms, nemelex_diamond_rough_becter, gammafunk_ghost_cemetery,
          serial_park_tiny_2, st_stairs_12, kennysheep_generic_room_15,
          uniq_grinder

Skill      XL: |  1  2  3 |
---------------+----------+-----
Spellcasting   | 4 6 |  6.1
Dodging        | |  2.4
Stealth        | |  2.4
Conjurations   | |  4.3

Action                   |  1- 3 |  4- 6 || total
-------------------------+-------+-------++-------
Melee: Unarmed           |     1 |       ||     1
 Cast: Magic Dart        |    63 |    12 ||    75
 Stab: Distracted        |     1 |       ||     1
Armor: Robe              |     2 |       ||     2
Dodge: Dodged            |     7 |     1 ||     8

Table legend: (Time is in decaauts)
 A = Elapsed time spent in this place.
 B = Non-inter-level travel time spent in this place.
 C = Inter-level travel time spent in this place.
 D = Time resting spent in this place.
 E = Time spent auto-exploring this place.
 F = Levels seen in this place.
 G = Mean time per level.
                   A        B        C        D        E       F      G
               +--------+--------+--------+--------+--------+-----+--------+
         Total |   2833 |   2728 |    105 |   1452 |   1044 |   3 |  944.3 |
       Dungeon |   2833 |   2728 |    105 |   1452 |   1044 |   3 |  944.3 |
               +--------+--------+--------+--------+--------+-----+--------+

Top non-repeatable levels by time:
     D:1: 1555 daAuts
     D:2: 1231 daAuts
     D:3: 45 daAuts
